 Dungeon Crawl Stone Soup version 0.27-b1-42-g19c61b19a5 (webtiles) character file.

Game seed: 11523994815332849298

10274 DildoBatman the Artisan of Death (level 11, -5/88 HPs)
             Began as a Formicid Conjurer on July 30, 2021.
             Was a Priest of Kikubaaqudgha.
             Slain by Sonja (6 damage)
             ... on level 11 of the Dungeon.
             The game lasted 00:37:48 (9905 turns).

DildoBatman the Artisan of Death (FoCj)             Turns: 9905, Time: 00:37:48

Health: -5/88      AC:  8    Str: 12    XL:     11   Next: 89%
Magic:  1/19       EV: 18    Int: 24    God:    Kikubaaqudgha [***...]
Gold:   729        SH: 12    Dex: 24    Spells: 7/24 levels left

rFire    . . .     SeeInvis +   d - +2 rapier (elec)
rCold    . . .     Faith    .   j - +0 kite shield
rNeg     . . .     Spirit   .   u - +1 leather armour of Dishonour {rPois Int+4 Dex+6}
rPois    +         Reflect  .   (helmet unavailable)
rElec    .         Harm     .   O - +0 cloak
rCorr    .         Rampage  .   F - +0 pair of gloves
Will     +....                  H - +0 pair of boots
Stlth    ++........             N - amulet of the acrobat
HPRegen  0.24/turn              W - +4 ring of evasion
MPRegen  0.16/turn              T - +6 ring of dexterity

@: no status effects
A: permanent stasis, dig shafts and tunnels, antennae 3, four strong arms,
clever 1, low mp 1, robust 1
a: Dig, Shaft Self, Renounce Religion, Receive Corpses


You were on level 11 of the Dungeon.
You worshipped Kikubaaqudgha.
Kikubaaqudgha was most pleased with you.
You visited 2 branches of the dungeon, and saw 12 of its levels.

You collected 729 gold pieces.

Inventory:

Hand Weapons
 a - a +0 hunting sling
 b - a +1 falchion of draining
 d - a +2 rapier of electrocution (weapon)
Missiles
 e - 290 stones
 i - 5 curare-tipped darts
 o - 87 bolts
 r - 2 throwing nets
 v - 191 arrows
 G - 49 sling bullets
 I - 7 boomerangs of dispersal
 J - 30 poisoned darts
 R - 3 atropa-tipped darts
 Y - 4 boomerangs
Armour
 j - a +0 kite shield (worn)
 u - the +1 leather armour of Dishonour (worn) {rPois Int+4 Dex+6}
   (You found it on level 4 of the Dungeon)

   Int:       It affects your intelligence (+4).
   Dex:       It affects your dexterity (+6).
   rPois:     It protects you from poison.
 E - a +2 robe of resistance
 F - a +0 pair of gloves (worn)
 H - a +0 pair of boots (worn)
 O - a +0 cloak (worn)
Jewellery
 N - an amulet of the acrobat (around neck)
 S - a ring of positive energy
 T - a +6 ring of dexterity (right hand)
 W - a +4 ring of evasion (left hand)
Wands
 x - a wand of iceblast (14)
Scrolls
 c - 3 scrolls of immolation
 f - a scroll of holy word {unknown}
 g - 3 scrolls of torment
 h - a scroll of fog {unknown}
 m - 2 scrolls of noise
 t - 4 scrolls of enchant armour
 w - a scroll of brand weapon {unknown}
 y - a scroll of enchant weapon {unknown}
 z - 3 scrolls of identify
 C - 4 scrolls of magic mapping
 M - a scroll of amnesia {unknown}
 V - a scroll of blinking {unknown}
 X - a scroll of vulnerability {unknown}
Potions
 k - a potion of heal wounds {unknown}
 l - a potion of resistance {unknown}
 n - a potion of cancellation {unknown}
 p - a potion of haste {unknown}
 q - a potion of magic {unknown}
 A - a potion of brilliance {unknown}
 B - 8 potions of curing
 L - a potion of mutation
 Q - a potion of flight {unknown}
 U - 2 potions of lignification


   Skills:
 - Level 5.5 Fighting
 - Level 5.5 Armour
 - Level 3.6 Dodging
 - Level 2.4 Stealth
 - Level 9.0 Shields
 - Level 7.3 Spellcasting
 - Level 6.0 Conjurations
 - Level 9.2 Necromancy
 * Level 7.2 Earth Magic


You had 7 spell levels left.
You knew the following spells:

 Your Spells              Type           Power      Damage    Failure   Level
a - Searing Ray           Conj           74%        3d6       1%          2
b - Borgnjor's Vile Clut  Necr/Erth      24%        N/A       9%          5
c - Magic Dart            Conj           100%       1d8       1%          1
d - Vampiric Draining     Necr           26%        2d9       1%          3
h - Dispel Undead         Necr           52%        3d19      1%          4
z - Sublimation of Blood  Necr           26%        N/A       1%          2

Your spell library contained the following spells:

 Spells                   Type           Power      Damage    Failure   Level
 Animate Skeleton         Necr           100%       N/A       1%          1
 Pain                     Necr           100%       1d9       1%          1
 Static Discharge         Conj/Air       23%        N/A       3%          2
 Agony                    Necr           52%        N/A       5%          5
 Dazzling Flash           Conj/Hex       46%        N/A       8%          3
 Slow                     Hex            8%         N/A       13%         2
 Confusing Touch          Hex            8%         N/A       26%         3
 Fulminant Prism          Conj/Hex       11%        3d9       26%         4
 Iskenderun's Mystic Bla  Conj/Tloc      23%        2d6       26%         4
 Sticky Flame             Conj/Fire      23%        2d4       26%         4
 Death Channel            Necr           26%        N/A       30%         6
 Simulacrum               Ice/Necr       15%        N/A       90%         6


Dungeon Overview and Level Annotations

Branches:
Dungeon (11/15)            Temple (1/1) D:4             Orc (0/2) D:10
   Lair: D:8-11

Altars:
Ashenzari
Cheibriados
Dithmenos
Elyvilon
Fedhas
Gozag
Hepliaklqana
Kikubaaqudgha
Makhleb
Nemelex Xobeh
Okawaru
Qazlal
Ru
Sif Muna
Trog
Uskayaw
Vehumet
Wu Jian
Xom
Yredelemnul
Zin
The Shining One

Shops:
D:1 [   D:3 [[

Annotations:
D:7 exclusion: 2 hydras
D:8 2 exclusions
D:11 Sonja


Innate Abilities, Weirdness & Mutations

You cannot be hasted, slowed, berserked, paralysed or teleported.
You can dig through walls and to a lower floor.
You have a pair of large antennae on your head. (SInv)
Your four strong arms can wield two-handed weapons with a shield.
Your mind is acute. (Int +2)
Your magical capacity is low. (-10% MP)
You are robust. (+10% HP)


Message History

The centaur warrior kicks you but does no damage.
The centaur warrior hits you. The centaur warrior misses you.
You hit the centaur warrior.
The centaur warrior is severely wounded.
You block the centaur warrior's attack. The centaur warrior misses you. x2
The centaur warrior completely misses you.
You closely miss the centaur warrior.
The centaur warrior is severely wounded.
The centaur warrior hits you!
The centaur warrior kicks you but does no damage.
You hit the centaur warrior but do no damage.
The centaur warrior is severely wounded.
The centaur warrior hits you but does no damage.
You block the centaur warrior's attack.
The centaur warrior hits you but does no damage.
You block the centaur warrior's attack.
You hit the centaur warrior.
Lightning courses through the centaur warrior!
You kill the centaur warrior!
Kikubaaqudgha accepts your kill. You block Sonja's attack.
Sonja hits you but does no damage. Space warps horribly around you!
You block Sonja's attack.
Your Earth Magic skill increases to level 7!
Casting: Searing Ray (safe; 1% risk of failure)
Confirm with . or Enter, or press ? or * to list all spells.
Aiming: Vampiric Draining (safe; 1% risk of failure)
Press: ? - help, Shift-Dir - straight line, f - Sonja
Aim: Sonja, wielding a +0 short sword of distortion and quivering curare-tipped darts (moderately wounded)
You draw life force from Sonja!
You feel life coursing into your body.
Sonja hits you with a +0 short sword of distortion.
Space warps horribly around you!
Sonja hits you with a +0 short sword of distortion!
Space bends around you.
You die...
Kikubaaqudgha rasps: "You have failed me!
Welcome... death!"

#......#....#
#......#.....
#............
#......#.....
#....Y.####.#
##.h.........#
##{###........#
####{##
#........#
#@#{##
#.{......#
##K##
#..{.....# ###
###.{....#
#.C#####


You could see Sonja.

Vanquished Creatures
  Fannar (D:11)
  A centaur warrior (D:11)
  3 two-headed ogres
  Pikel (D:5)
  A cyclops (D:11)
  An ugly thing (D:9)
  A gargoyle (D:11)
  A kobold demonologist (D:10)
  A troll (D:10)
  A hornet (D:9)
  2 wraiths (D:10)
  Eustachio (D:4)
  11 yaks
  A water moccasin (D:8)
  2 acid dragons
  Duvessa (D:5)
  2 ice beasts (D:7)
  A necrophage (D:5)
  3 centaurs
  2 ogres (D:6)
  2 lemures (D:5)
  Blork the orc (D:5)
  3 kobold brigands
  Dowan (D:5)
  A scorpion (D:4)
  8 killer bees (D:8)
  2 howler monkeys
  3 bullfrog zombies
  3 centaur zombies
  3 hounds
  2 jellies
  A centaur skeleton (D:6)
  3 orc priests
  Crazy Yiuf (D:4)
  A bullfrog skeleton (D:5)
  A scorpion zombie (D:2)
  Ijyb (D:3)
  4 iguanas
  Natasha (thrice) (D:3)
  2 orc wizards (D:3)
  A hound skeleton (D:4)
  A howler monkey skeleton (D:7)
  4 adders
  3 gnolls (D:3)
  2 white imps (D:7)
  4 ufetubi
  An adder zombie (D:2)
  2 adder skeletons
  A worm (D:2)
  A dart slug (D:3)
  24 orcs
  A bat skeleton (D:2)
  10 endoplasms
  3 giant cockroaches
  7 goblins
  4 hobgoblins
  2 jackals (D:1)
  3 quokkas
  3 ball pythons
  A ball python skeleton (D:2)
  A ball python zombie (D:2)
  4 bats
  2 frilled lizards
  A jackal zombie (D:2)
  12 kobolds
  10 rats
192 creatures vanquished.

Vanquished Creatures (others)
  8 plants
8 creatures vanquished.

Grand Total: 200 creatures vanquished

Notes
Turn   | Place    | Note
-------+----------+-------------------------------------------
     0 | D:1      | DildoBatman the Formicid Conjurer began the quest for the
                  | Orb.
     0 | D:1      | Reached XP level 1. HP: 13/13 MP: 3/3
   176 | D:1      | Found Tirenowk's Armour Emporium.
   198 | D:1      | Found a faded altar of an unknown god.
   257 | D:1      | Reached XP level 2. HP: 15/19 MP: 0/5
   260 | D:1      | Learned a level 2 spell: Searing Ray
   508 | D:1      | Reached XP level 3. HP: 24/24 MP: 4/6
   851 | D:1      | Found a shimmering altar of Xom.
  1246 | D:2      | Reached XP level 4. HP: 30/30 MP: 4/7
  1329 | D:1      | Became a worshipper of Sif Muna the Loreminder
  1329 | D:1      | Reached * piety under Sif Muna
  1331 | D:1      | Fell from the grace of Sif Muna
  1428 | D:2      | Reached skill level 5 in Conjurations
  1847 | D:3      | Reached XP level 5. HP: 35/35 MP: 5/8
  1905 | D:3      | Found Oblapnye's Armour Emporium.
  1927 | D:3      | Noticed Ijyb
  2346 | D:3      | Reached skill level 1 in Fighting
  2346 | D:3      | Reached skill level 1 in Armour
  2373 | D:3      | Noticed Natasha
  2464 | D:3      | Reached XP level 6. HP: 43/43 MP: 9/9
  2629 | D:3      | Found a snail-covered altar of Cheibriados.
  2866 | D:3      | Found Aloastul's Armour Shop.
  2956 | D:4      | Reached skill level 1 in Shields
  3055 | D:4      | Found a staircase to the Ecumenical Temple.
  3063 | Temple   | Entered the Ecumenical Temple
  3224 | Temple   | Became a worshipper of Kikubaaqudgha
  3390 | D:4      | Identified the +1 leather armour of Dishonour {rPois Int+4
                  | Dex+6}
  3547 | D:3      | Killed Ijyb
  3563 | D:3      | Killed Natasha
  3569 | D:3      | Noticed Natasha
  3574 | D:3      | Killed Natasha
  3575 | D:3      | Reached XP level 7. HP: 50/50 MP: 1/11
  3802 | D:3      | Noticed Natasha
  3809 | D:3      | Killed Natasha
  4072 | D:4      | Noticed Eustachio
  4082 | D:4      | Killed Eustachio
  4180 | D:4      | Found a runed translucent door.
  4181 | D:4      | Noticed Crazy Yiuf
  4292 | D:4      | Killed Crazy Yiuf
  4353 | D:5      | Entered Level 5 of the Dungeon
  4353 | D:5      | Noticed Blork the orc
  4360 | D:5      | Killed Blork the orc
  4361 | D:5      | Reached skill level 5 in Spellcasting
  4461 | D:5      | Noticed Pikel
  4478 | D:5      | Killed Pikel
  4479 | D:5      | Reached XP level 8. HP: 39/56 MP: 6/18
  4549 | D:5      | Reached * piety under Kikubaaqudgha
  4549 | D:5      | Received a gift from Kikubaaqudgha
  4550 | D:5      | Reached skill level 1 in Necromancy
  4553 | D:5      | Learned a level 2 spell: Sublimation of Blood
  4557 | D:5      | Learned a level 3 spell: Vampiric Draining
  4571 | D:5      | Noticed Dowan
  5250 | D:5      | Reached XP level 9. HP: 63/63 MP: 14/19
  5376 | D:5      | Noticed Duvessa
  5388 | D:5      | Killed Duvessa
  5391 | D:5      | Killed Dowan
  5624 | D:6      | Noticed a two-headed ogre
  5647 | D:6      | Killed a two-headed ogre
  5648 | D:6      | Reached skill level 5 in Fighting
  5699 | D:6      | Reached skill level 5 in Armour
  5742 | D:6      | Found an opulent altar of Gozag.
  5930 | D:6      | Reached skill level 5 in Necromancy
  5991 | D:6      | Found a bloodstained altar of Trog.
  6083 | D:6      | Learned a level 4 spell: Dispel Undead
  6274 | D:7      | Reached XP level 10. HP: 74/74 MP: 17/20
  6545 | D:7      | Reached ** piety under Kikubaaqudgha
  7056 | D:8      | Noticed a six-headed hydra
  7414 | D:8      | Noticed a six-headed hydra
  7750 | D:9      | Found a shimmering blue altar of Sif Muna.
  7808 | D:9      | Noticed a green ugly thing
  7911 | D:9      | Noticed a two-headed ogre
  7954 | D:9      | Killed a two-headed ogre
  7955 | D:9      | Reached skill level 5 in Shields
  8650 | D:10     | Entered Level 10 of the Dungeon
  8750 | D:10     | Noticed a kobold demonologist
  8765 | D:10     | Killed a kobold demonologist
  8767 | D:10     | Noticed a two-headed ogre
  8777 | D:10     | Killed a two-headed ogre
  8778 | D:10     | Reached XP level 11. HP: 51/79 MP: 6/21
  9212 | D:10     | Gained mutation: You are robust. (+10% HP) [potion of
                  | mutation]
  9212 | D:10     | Gained mutation: Your mind is acute. (Int +2) [potion of
                  | mutation]
  9212 | D:10     | Gained mutation: Your magical capacity is low. (-10% MP)
                  | [potion of mutation]
  9258 | D:10     | Found a broken altar of Ashenzari.
  9258 | D:10     | Found a white marble altar of Elyvilon.
  9298 | D:10     | Found a staircase to the Orcish Mines.
  9341 | D:10     | Was forgiven by Sif Muna
  9416 | D:9      | Killed a green ugly thing
  9613 | D:9      | Reached *** piety under Kikubaaqudgha
  9613 | D:9      | Received a gift from Kikubaaqudgha
  9672 | D:9      | Learned a level 5 spell: Borgnjor's Vile Clutch
  9688 | D:9      | Reached skill level 1 in Earth Magic
  9855 | D:11     | Noticed Sonja
  9862 | D:11     | Noticed a cyclops
  9875 | D:11     | Noticed Fannar
  9882 | D:11     | Noticed a centaur warrior
  9887 | D:11     | Killed a cyclops
  9888 | D:11     | Reached skill level 5 in Earth Magic
  9895 | D:11     | Killed Fannar
  9904 | D:11     | Killed a centaur warrior
  9905 | D:11     | HP: 1/88 [Sonja (7)]
  9905 | D:11     | Slain by Sonja

Illustrated notes

Levels and vault maps discovered:
D:1:      dpeg_arrival_water_altar, layout_loops_ring, serial_shops, shop,
          ebering_ecumenical_altar_mist
D:2:      layout_basic, serial_undead, serial_undead_e, serial_undead_b,
          serial_undead_d, serial_undead_a, serial_undead_f, serial_undead_f,
          minmay_rat_gold_closets
D:3:      layout_basic, cheibriados_altar_1, serial_shops,
          nicolae_shop_statue_plus, shop, uniq_ijyb, uniq_natasha
D:4:      layout_rooms, temple_doors_cd, uniq_eustachio, uniq_crazy_yiuf_cottage
D:5:      layout_basic, uniq_blork_the_orc, uniq_duvessa, uniq_pikel
D:6:      layout_rooms, grunt_gozag_statues, lemuel_crystal_altar
D:7:      layout_layer_cave, serial_bayou_crossing
D:8:      layout_layer_cave
D:9:      layout_basic, mainiacjoe_overflow_alcove_1
D:10:     layout_roguey, gammafunk_temple_overflow_statue
D:11:     layout_irregular_city, erik_lair_orcish_takeover,
          gauntlet_entry_generic, uniq_sonja, uniq_erolcha, uniq_fannar
Temple:   regret_index_temple_sphere_string

Skill      XL: |  1  2  3  4  5  6  7  8  9 10 11 |
---------------+----------------------------------+-----
Conjurations   | 4 5 6 |  6.0
Fighting       | 1 2 3 5 |  5.5
Armour         | 1 2 3 5 |  5.5
Shields        | 1 3 8 9 |  9.0
Spellcasting   | 3 7 |  7.3
Dodging        | 2 3 |  3.6
Necromancy     | 1 5 9 |  9.2
Earth Magic    | 7 |  7.2
Stealth        | |  2.4

Action                   |  1- 3 |  4- 6 |  7- 9 | 10-12 || total
-------------------------+-------+-------+-------+-------++-------
Melee: Unarmed           |    16 |       |       |       ||    16
       Whip              |    18 |       |       |       ||    18
       Falchion          |       |       |     3 |     6 ||     9
       Rapier            |       |       |     1 |    31 ||    32
       Hunting sling     |       |       |     1 |       ||     1
 Fire: Hunting sling     |    21 |    56 |    58 |    35 ||   170
 Cast: Magic Dart        |    21 |    15 |     8 |     1 ||    45
       Searing Ray       |    10 |    16 |    39 |    52 ||   117
       Sublimation of Bl |       |       |       |     9 ||     9
       Dispel Undead     |       |       |       |     3 ||     3
       Vampiric Draining |       |       |       |     1 ||     1
Invok: Renounce Religion |       |     1 |       |       ||     1
 Abil: Dig               |     6 |    11 |    41 |    45 ||   103
  Use: Scroll            |       |       |       |    10 ||    10
       Potion            |       |       |       |     1 ||     1
 Stab: Sleeping          |     1 |       |       |       ||     1
Armor: Robe              |     8 |       |       |       ||     8
       Leather armour    |       |     2 |    15 |    28 ||    45
Dodge: Dodged            |    32 |    21 |    36 |   133 ||   222
Block: Buckler           |       |       |    17 |    26 ||    43
       Kite shield       |       |       |       |    37 ||    37
       Rpst.: Falchion   |       |       |     2 |     5 ||     7
